 Dungeon Crawl Stone Soup version 0.19.4-9-g45fd643 (webtiles) character file.

311 maxonian the Slasher (level 6, -13/57 HPs)
             Began as a Naga Gladiator on Feb 17, 2017.
             Engulfed by a cloud of flame (25 damage)
             ... on level 3 of the Dungeon.
             The game lasted 00:05:22 (3630 turns).

maxonian the Slasher (Naga Gladiator)               Turns: 3630, Time: 00:05:24

Health: -13/57     AC:  5    Str: 18    XL:     6   Next: 42%
Magic:  6/6        EV: 10    Int: 10    God:
Gold:   131        SH:  0    Dex: 11    Spells: 0 memorised, 5 levels left

rFire  . . .     SeeInvis +     a - -3 hunting sling (curse)
rCold  . . .     Gourm    .     s - +0 leather armour
rNeg   . . .     Faith    .     (no shield)
rPois  +         Spirit   .     c - +1 helmet
rElec  .         Reflect  .     (no cloak)
rCorr  .         Harm     .     (no gloves)
MR     .....                    (no barding)
Stlth  +.........               (no amulet)
                                (no ring)
                                (no ring)

@: very slow
A: see invisible, deformed body, poison resistance, slowness 2, slow metabolism
1, spit poison 1, AC +2
a: Spit Poison


You were on level 3 of the Dungeon.
You were hungry.

You visited 1 branch of the dungeon, and saw 3 of its levels.

You collected 131 gold pieces.

Inventory:

Hand Weapons
 a - a cursed -3 hunting sling (weapon)
 b - a +1 long sword
 e - a +1 dagger of venom
Missiles
 d - 3 throwing nets
 k - 52 stones (quivered)
 p - 16 bolts
 q - 16 sling bullets
Armour
 c - a +1 helmet (worn)
 s - a +0 leather armour (worn)
Wands
 t - a wand of random effects (34/48)
Scrolls
 g - 2 scrolls of amnesia
Potions
 h - 3 potions of might {unknown}
 l - 2 potions of heal wounds {unknown}
 n - 2 potions of agility {unknown}
 o - 2 potions of ambrosia {unknown}
 u - a potion of brilliance {unknown}
Comestibles
 f - 4 bread rations
 i - a beef jerky
 m - a meat ration
 r - 6 fruits


   Skills:
 + Level 3.7 Fighting
 + Level 4.2 Long Blades
 - Level 1.7 Throwing
 + Level 2.4 Armour
 + Level 3.4 Dodging


You had 5 spell levels left.
You didn't know any spells.

Dungeon Overview and Level Annotations

Branches:
Dungeon (3/15)

Altars:

Annotations:
D:3 empire's ghost, amateur DrMo


Innate Abilities, Weirdness & Mutations

You cannot wear boots.
Your serpentine skin is tough. (AC +2)
You have supernaturally acute eyesight. (SInv)
Armour fits poorly on your strangely shaped body.
Your system is resistant to poisons. (rPois)
You cover ground very slowly.
You have a slow metabolism.
You can spit poison.


Message History

You shoot a stone. The stone barely misses the river rat.
You have got your breath back.
The river rat looks more healthy.
The river rat bites you but does no damage.
Firing (i - inventory. (,) - cycle):
k - 54 stones (quivered)
Press: ? - help, Shift-Dir - straight line, f/p - river rat
Aim: a river rat (severely wounded, inner flame)
You shoot a stone.
The stone hits the river rat but does no damage.
The river rat is severely wounded.
The river rat barely misses you.
Firing (i - inventory. (,) - cycle):
k - 53 stones (quivered)
Press: ? - help, Shift-Dir - straight line, f/p - river rat
Aim: a river rat (severely wounded, inner flame)
You shoot a stone. The stone hits the river rat.
The river rat explodes!
The fiery explosion engulfs you!
* * * LOW HITPOINT WARNING * * *
You are engulfed in roaring flames.
You die...

######### ###.......#
########.......#.#
≈≈...(§§§..#...#.#
≈S...##§@........#######
≈.# #§§#.........)...#
#........#.#####.#
#.......##.# #.#
####.......# #.#
####+#### #.## #... ####
#


There were no monsters in sight!

Vanquished Creatures
  Sigmund (D:2)
  Ijyb (D:3)
  Terence (D:2)
  4 adders
  A river rat (D:3)
  2 worms
  2 orcs (D:3)
  4 bats
  3 giant cockroaches
  9 goblins
  7 hobgoblins
  3 jackals (D:2)
  3 kobolds
  A ball python (D:1)
  2 frilled lizards
  5 rats
49 creatures vanquished.

Notes
Turn   | Place    | Note
-------+----------+-------------------------------------------
     0 | D:1      | maxonian the Naga Gladiator began the quest for the Orb.
     0 | D:1      | Reached XP level 1. HP: 19/19 MP: 1/1
   454 | D:1      | Reached XP level 2. HP: 25/26 MP: 2/2
  1225 | D:2      | Reached skill level 1 in Armour
  1225 | D:2      | Reached XP level 3. HP: 32/33 MP: 3/3
  1658 | D:2      | Noticed Terence
  1667 | D:2      | Killed Terence
  1667 | D:2      | Reached XP level 4. HP: 38/40 MP: 4/4
  1861 | D:2      | Noticed Sigmund
  1880 | D:2      | Killed Sigmund
  1880 | D:2      | Reached skill level 4 in Long Blades
  1880 | D:2      | Reached XP level 5. HP: 12/49 MP: 5/5
  1880 | D:2      | Reached XP level 6. HP: 14/56 MP: 6/6
  2689 | D:3      | Noticed empire's ghost (amateur DrMo)
  2931 | D:3      | Noticed Ijyb
  2951 | D:3      | Killed Ijyb
  3630 | D:3      | Engulfed by a cloud of flame

Skill      XL: |  1  2  3  4 |
---------------+-------------+-----
Armour         | 1 2 |  2.4
Fighting       | 3 |  3.7
Long Blades    | 4 |  4.2
Dodging        | 3 |  3.4
Throwing       | |  1.7

Action                   |  1- 3 |  4- 6 || total
-------------------------+-------+-------++-------
Melee: Long sword        |    90 |    12 ||   102
 Fire: Hunting sling     |       |   127 ||   127
 Abil: Spit Poison       |     7 |    15 ||    22
  Use: Scroll            |       |     7 ||     7
  Eat: Chunk             |     2 |     5 ||     7
Armor: Leather armour    |    25 |    32 ||    57
Dodge: Dodged            |    50 |    49 ||    99
       Rpst.: Long sword |    16 |     3 ||    19
